 Dungeon Crawl Stone Soup version 0.29-a0-472-ge5599a681e (webtiles) character file.

Game seed: 1166079858617350131

20 xian the Poker (level 2, -3/25 HPs)
             Began as a Minotaur Gladiator on May 22, 2022.
             Was a Follower of Wu Jian.
             Slain by a gnoll
             ... wielding a +0 flail
              (10 damage)
             ... on level 2 of the Dungeon.
             The game lasted 00:01:48 (1166 turns).

xian the Poker (Minotaur Gladiator)                 Turns: 1166, Time: 00:01:49

Health: -3/25      AC:  3    Str: 18    XL:     2   Next: 58%
Magic:  1/1        EV: 12    Int:  5    God:    Wu Jian [*.....]
Gold:   91         SH:  0    Dex: 11    Spells: 1/1 levels left

rFire   x . .      SeeInvis .   a - +0 trident
rCold   + . .      Faith    .   (no shield)
rNeg    . . .      Spirit   .   b - +0 leather armour
rPois   .          Reflect  .   c - +0 hat
rElec   .          Harm     .   (no cloak)
rCorr   .          Rampage  .   (no gloves)
Will    .....                   (no boots)
Stlth   +.........              (no amulet)
HPRegen 0.08/turn               n - ring of ice
MPRegen 0.07/turn               (no ring)

@: no status effects
A: horns 2, retaliatory headbutt
a: Renounce Religion


You were on level 2 of the Dungeon.
You worshipped Wu Jian.
Wu Jian was aware of your devotion.
You visited 1 branch of the dungeon, and saw 2 of its levels.

You collected 91 gold pieces.

Inventory:

Hand Weapons
 a - a +0 trident (weapon)
Missiles
 d - 3 throwing nets (quivered)
 e - a javelin
 f - 4 poisoned darts
Armour
 b - a +0 leather armour (worn)
 c - a +0 hat (worn)
Jewellery
 n - a ring of ice (left hand)
Scrolls
 g - 3 scrolls of fog {unknown}
 h - a scroll of blinking {unknown}
 j - 2 scrolls of identify {unknown}
 k - 2 scrolls of vulnerability {unknown}
 l - a scroll of teleportation {unknown}
 m - a scroll of fear {unknown}
Potions
 i - 2 potions of haste {unknown}


   Skills:
 + Level 2.6 Fighting
 + Level 4.1 Polearms
 + Level 2.1 Throwing
 + Level 0.8 Armour
 + Level 3.5 Dodging


You had one spell level left.
You didn't know any spells.
Your spell library contained the following spells:

 Spells                   Type           Power      Damage    Failure   Level
 Ignite Poison            Fire/Tmut/Pois 0%         N/A       88%         3
 Mephitic Cloud           Conj/Pois/Air  0%         N/A       88%         3
 Fireball                 Conj/Fire      0%         3d3       100%        5
 Freezing Cloud           Conj/Ice/Air   0%         6-21      100%        5
 Iskenderun's Battlesphe  Conj           0%         2d6       100%        5
 Conjure Ball Lightning   Conj/Air       0%         3x3d6     100%        6
 Orb of Destruction       Conj           0%         9d5       100%        7


Dungeon Overview and Level Annotations

Branches:
Dungeon (2/15)

Altars:
Wu Jian


Innate Abilities, Weirdness & Mutations

You have a pair of horns on your head.
You reflexively headbutt those who attack you in melee.


Message History

n - a ring of ice You feel more attuned to ice.
n - a ring of ice (left hand)
An endoplasm comes into view.
You lunge at the endoplasm.
The helpless endoplasm fails to defend itself.
You puncture the endoplasm!
You kill the endoplasm!
The Council accepts your kill.
A giant cockroach comes into view.
The giant cockroach moves out of view.
You lunge at the giant cockroach.
You closely miss the giant cockroach.
Your headbutt misses the giant cockroach.
The giant cockroach bites you but does no damage.
You puncture the giant cockroach!
You kill the giant cockroach!
The Council accepts your kill.
Found a robe.
You open the door.
There is an open door here. 2 gnolls come into view.
The gnoll shouts! x2
A gnoll comes into view. It is wielding a +0 spear.
A gnoll comes into view. It is wielding a +0 whip.
The gnoll shouts! x2
You lunge at the gnoll.
You hit the gnoll. Your headbutt misses the gnoll.
The gnoll is heavily wounded.
The gnoll hits you with a +0 spear.
You hit the gnoll.
The gnoll is almost dead.
The gnoll hits you with a +0 spear! The gnoll misses you. x2
You closely miss the gnoll.
The gnoll is almost dead.
The gnoll hits you but does no damage. The gnoll hits you with a +0 flail!
* * * LOW HITPOINT WARNING * * *
The gnoll misses you.
You barely miss the gnoll.
The gnoll is almost dead.
The gnoll misses you. The gnoll hits you with a +0 flail!
You die...

### ... . #.#
....# #.#.#
#.#g# ##g#g#
#..g@# #....#
#
#....#.##.####
#............#
#...########.#
#...'......#.#
#...######.#.#
#...# #..#.##
#...# #.....#


You could see 4 gnolls.

Vanquished Creatures
  4 endoplasms
  2 giant cockroaches
  4 goblins
  A hobgoblin (D:1)
  2 quokkas (D:1)
  2 ball pythons (D:1)
  A bat (D:1)
  A rat (D:1)
17 creatures vanquished.

Notes
Turn   | Place    | Note
-------+----------+-------------------------------------------
     0 | D:1      | xian the Minotaur Gladiator began the quest for the Orb.
     0 | D:1      | Reached XP level 1. HP: 18/18 MP: 0/0
    89 | D:1      | Found a faded altar of an unknown god.
   113 | D:1      | Prayed at the altar of an unknown god.
   113 | D:1      | Became a worshipper of the Wu Jian Council
   113 | D:1      | Reached * piety under Wu Jian
   381 | D:1      | Reached skill level 4 in Polearms
   395 | D:1      | Reached XP level 2. HP: 25/25 MP: 1/1
  1166 | D:2      | Slain by a gnoll

Illustrated notes

Levels and vault maps discovered:
D:1:      roderic_dead_forest, layout_loops_ring,
          hellmonk_ecumenical_altar_slurped_away, dreamdust_wishing_well
D:2:      layout_basic, basic_altar, minmay_pentomino_u2, uniq_jessica

Skill      XL: |  1 |
---------------+----+-----
Polearms       | 4 |  4.1
Fighting       | |  2.6
Throwing       | |  2.1
Armour         | |  0.8
Dodging        | |  3.5

Action                   || total
-------------------------++-------
Melee: Trident           ||    39
       Headbutt          ||     3
Invok: Lunge             ||     8
 Stab: Sleeping          ||     2
Armor: Leather armour    ||    11
Dodge: Dodged            ||    29

Table legend: (Time is in decaauts)
 A = Elapsed time spent in this place.
 B = Non-inter-level travel time spent in this place.
 C = Inter-level travel time spent in this place.
 D = Time resting spent in this place.
 E = Time spent auto-exploring this place.
 F = Levels seen in this place.
 G = Mean time per level.
                   A        B        C        D        E       F      G
               +--------+--------+--------+--------+--------+-----+--------+
         Total |   1168 |   1168 |      0 |      0 |    946 |   2 |  584.0 |
       Dungeon |   1168 |   1168 |      0 |      0 |    946 |   2 |  584.0 |
               +--------+--------+--------+--------+--------+-----+--------+

Top non-repeatable levels by time:
     D:1: 962 daAuts
     D:2: 205 daAuts
